 Dungeon Crawl Stone Soup version 0.28.0-45-g0d030f2227 (webtiles) character file.

Game seed: 8230135213715085340

133 MisterFreud the Changer (level 4, 0/35 HPs)
             Began as a Draconian Transmuter on Apr 18, 2022.
             Splashed by a jelly's acid (4 damage)
             ... on level 3 of the Dungeon.
             The game lasted 00:03:07 (3117 turns).

MisterFreud the Changer (Draconian Transmuter)      Turns: 3117, Time: 00:03:08

Health: 0/35       AC:  2    Str: 12    XL:     4   Next: 94%
Magic:  1/7        EV: 19    Int: 15    God:
Gold:   104        SH:  0    Dex: 17    Spells: 1/7 levels left

rFire   . . .      SeeInvis .     - Unarmed
rCold   . . .      Faith    .   (shield currently unavailable)
rNeg    . . .      Spirit   .   (armour unavailable)
rPois   x          Reflect  .   (helmet currently unavailable)
rElec   .          Harm     .   (cloak currently unavailable)
rCorr   .          Rampage  .   (gloves currently unavailable)
Will    .....                   (boots currently unavailable)
Stlth   ++........              (no amulet)
HPRegen 0.11/turn               (no ring)
MPRegen 0.10/turn               (no ring)

@: lethally poisoned (0 -> -2), spider-form, very slightly contaminated
A: venomous fangs, AC +5, tiny, unfitting armour, (cold-blooded)
a: End Transformation


You were on level 3 of the Dungeon.
You were a venomous arachnid creature.
You visited 1 branch of the dungeon, and saw 3 of its levels.

You collected 104 gold pieces.

Inventory:

Armour
 j - a scarf of resistance (melded)
Scrolls
 c - 3 scrolls of identify {unknown}
 g - a scroll of teleportation {unknown}
 h - a scroll of noise {unknown}
 k - a scroll of immolation {unknown}
Potions
 a - a potion of attraction {unknown}
 b - a potion of heal wounds {unknown}
 d - a potion of flight {unknown}
 e - a potion of mutation {unknown}
 f - a potion of brilliance {unknown}
 i - a potion of haste {unknown}


   Skills:
 + Level 1.5 Fighting
 - Level 1.7 Dodging
 + Level 3.1 Unarmed Combat
 - Level 2.0 Spellcasting
 - Level 5.0 Transmutations


You had one spell level left.
You knew the following spells:

 Your Spells              Type           Power      Damage    Failure   Level
a - Beastly Appendage     Tmut           32%        N/A       10%         1
b - Wereblood             Tmut           16%        N/A       13%         2
c - Spider Form           Tmut/Pois      9%         N/A       45%         3

Your spell library contained the following spells:

 Spells                   Type           Power      Damage    Failure   Level
 Ice Form                 Ice/Tmut       9%         N/A       80%         4


Dungeon Overview and Level Annotations

Branches:
Dungeon (3/15)

Altars:

Annotations:
D:3 Natasha


Innate Abilities, Weirdness & Mutations

You are a venomous arachnid creature.
You have poisonous fangs.
You are tiny and dextrous.
Your spellcasting is less reliable in this form.
Your armour is entirely melded.
You are incapable of wielding weapons or throwing items.
((Your plain brown scales are hard. (AC +5)))
You cannot fit into any form of body armour.
((You are cold-blooded and may be slowed by cold attacks.))


Message History

The kobold moves out of view.
The adder moves out of view. x2
The jackal barks!
The ball python hisses angrily.
You hear an angry hiss.
Found five items.
The giant cockroach waves its antennae.
Casting: Beastly Appendage (safe; 2% risk of failure)
Confirm with . or Enter, or press ? or * to list all spells.
The spell is quite dangerous to miscast (24% risk of failure)!
Continue anyway? [Y]es or [N]o only, please.
The spell is quite dangerous to miscast (24% risk of failure)!
Continue anyway?
Okay, then.
Casting: Spider Form (quite dangerous; 24% risk of failure)
Confirm with . or Enter, or press ? or * to list all spells.
The spell is quite dangerous to miscast (24% risk of failure)!
Continue anyway?
You miscast Spider Form.
You are very lightly contaminated with residual magic.
You feel incredibly sick!
You are poisoned.
You feel sick. The jelly misses you.
Unknown command.
Casting: Spider Form (quite dangerous; 24% risk of failure)
Confirm with . or Enter, or press ? or * to list all spells.
The spell is quite dangerous to miscast (24% risk of failure)!
Continue anyway?
You turn into a venomous arachnid creature.
Your scarf of resistance melds into your body.
You feel hot and cold all over.
You feel sick. The jelly hits you.
You are splashed with acid!
Unknown command.
You hit the jelly.
Your front legs burn!
* * * LOW HITPOINT WARNING * * *
The jelly is moderately wounded.
You feel sick. The jelly completely misses you.
You hit the jelly.
The jelly is poisoned.
Your front legs burn!
* * * LOW HITPOINT WARNING * * *
The jelly is heavily wounded.
You feel sick.
Natasha, Servant of Life and Death comes into view.
The jelly barely misses you.
Natasha hisses angrily.
You hit the jelly but do no damage.
Your front legs burn!
You die...

.# ... #.# .# ... #.#
## #.# #.# # #.#
#.### # #.# #...
#.###.##
#######..†...##
).......#####.#######
######.## ##gJs...#
#.#$(ShBSK####...#
#.#.?.rS### .#
#.#...=. #.##h[.
##.##### ##....#
#...## #...#


You could see a jelly (very poisoned), Natasha, an adder, a jackal, a giant
cockroach, a hobgoblin, 2 ball pythons, a kobold and a rat.

Vanquished Creatures
  Natasha (D:3)
  3 adders (D:2)
  A worm (D:2)
  3 dart slugs
  3 orcs
  6 endoplasms
  5 giant cockroaches
  2 goblins (D:2)
  3 hobgoblins
  7 jackals (D:1)
  7 kobolds
  6 quokkas
  8 ball pythons
  8 bats
  A frilled lizard (D:1)
  5 rats
69 creatures vanquished.

Notes
Turn   | Place    | Note
-------+----------+-------------------------------------------
     0 | D:1      | MisterFreud the Draconian Transmuter began the quest for
                  | the Orb.
     0 | D:1      | Reached XP level 1. HP: 16/16 MP: 3/3
   339 | D:1      | Found a faded altar of an unknown god.
   369 | D:1      | Reached XP level 2. HP: 16/23 MP: 1/5
   560 | D:1      | Reached skill level 3 in Transmutations
  1073 | D:1      | Reached XP level 3. HP: 28/28 MP: 4/6
  1795 | D:2      | Reached skill level 4 in Transmutations
  1973 | D:2      | Reached XP level 4. HP: 27/35 MP: 7/7
  2786 | D:3      | Noticed Natasha
  2808 | D:2      | Learned a level 2 spell: Wereblood
  2812 | D:2      | Learned a level 3 spell: Spider Form
  2970 | D:3      | Killed Natasha
  2971 | D:3      | Reached skill level 5 in Transmutations
  3116 | D:3      | Noticed Natasha
  3117 | D:3      | Splashed by a jelly's acid

Illustrated notes

Levels and vault maps discovered:
D:1:      tarquinn_simple_flora_water_f, layout_basic,
          ebering_ecumenical_altar_hall, st_stairs_2
D:2:      layout_rooms
D:3:      layout_loops_ring, minmay_misc_feat_ornament, minmay_joined_circles,
          uniq_natasha

Skill      XL: |  1  2  3  4 |
---------------+-------------+-----
Transmutations | 3 4 5 |  5.0
Fighting       | |  1.5
Dodging        | |  1.7
Unarmed Combat | |  3.1
Spellcasting   | |  2.0

Action                   |  1- 3 |  4- 6 || total
-------------------------+-------+-------++-------
Melee: Unarmed           |   116 |    64 ||   180
       Headbutt          |    13 |    10 ||    23
       Kick              |    18 |    16 ||    34
       Tailslap          |    12 |     6 ||    18
       Punch             |       |     1 ||     1
 Cast: Beastly Appendage |    25 |    14 ||    39
       Spider Form       |       |     2 ||     2
 Stab: Sleeping          |       |     1 ||     1
Armor: Skin              |    47 |    19 ||    66
Dodge: Dodged            |    92 |    40 ||   132
